 Dungeon Crawl Stone Soup version 0.25-a0-364-ge76b031 (webtiles) character file.

Game seed: 8545337581534320961, levelgen mode: deterministic

50 Birdy the Ducker (level 3, 0/27 HPs)
             Began as a Vampire Gladiator on Jan 4, 2020.
             Succumbed to an adder's poison
             ... on level 2 of the Dungeon.
             The game lasted 00:01:53 (577 turns).

Birdy the Ducker (Vampire Gladiator)                 Turns: 577, Time: 00:01:54

Health: 0/27       AC:  4    Str: 13    XL:     3   Next: 55%
Magic:  3/3        EV: 13    Int: 10    God:
Gold:   39         SH:  0    Dex: 16    Spells: 2/2 levels left

rFire    . . .     SeeInvis +   a - +0 war axe
rCold    . . .     Gourm    .   (no shield)
rNeg     . . .     Faith    .   b - +0 leather armour
rPois    .         Spirit   .   c - +0 helmet
rElec    .         Reflect  .   (no cloak)
rCorr    .         Harm     .   (no gloves)
MR       .....                  (no boots)
Stlth    ++........             (no amulet)
HPRegen  0.29/turn              (no ring)
MPRegen  0.08/turn              (no ring)

@: lethally poisoned (0 -> -4), regenerating quickly
A: no food, fangs 3, see invisible, unbreathing
a: Exsanguinate


You were on level 2 of the Dungeon.
You were alive.

You visited 1 branch of the dungeon, and saw 2 of its levels.

You collected 39 gold pieces.

Inventory:

Hand Weapons
 a - a +0 war axe (weapon)
Missiles
 d - 3 throwing nets (quivered)
Armour
 b - a +0 leather armour (worn)
 c - a +0 helmet (worn)
Scrolls
 e - a scroll of remove curse {unknown}
 f - a scroll of enchant armour {unknown}


   Skills:
 + Level 2.2 Fighting
 * Level 3.3 Axes
 - Level 1.5 Throwing
 + Level 3.7 Dodging
 + Level 2.0 Stealth


You had 2 spell levels left.
You didn't know any spells.
Your spell library was empty.

Dungeon Overview and Level Annotations

Branches:
Dungeon (2/15)

Altars:


Innate Abilities, Weirdness & Mutations

You do not eat.
Your natural rate of healing is unusually fast.
You have razor-sharp teeth.
You have supernaturally acute eyesight. (SInv)
You can survive without breathing.


Message History

* * * LOW HITPOINT WARNING * * *
You feel sick. The adder barely misses you. The adder misses you.
You aren't carrying any potions.
You slash the adder!
The adder is almost dead.
* * * LOW HITPOINT WARNING * * *
You feel sick. The adder misses you. The adder bites you.
* * * LOW HITPOINT WARNING * * *
Unknown command.
You slash the adder!
You kill the adder!
Your Stealth skill increases to level 2!
* * * LOW HITPOINT WARNING * * *
You feel sick.
A bat comes into view.
The bat moves out of view.
Okay, then.
* * * LOW HITPOINT WARNING * * *
You feel sick.
You die...

....######
#.......#
#.......#
#.......##
#........#
#.....†..#
#....†<..#
#......†.#
#...@....#
#........#
#........#
.....%....#
#............+
#...........##
#...........+
#...........#


There were no monsters in sight!

Vanquished Creatures
  2 adders (D:2)
  2 leopard geckos (D:1)
  A giant cockroach (D:1)
  3 goblins (D:1)
  4 hobgoblins
  2 jackals (D:1)
  A kobold (D:1)
  A quokka (D:2)
  4 bats (D:1)
  4 frilled lizards (D:1)
  6 rats
30 creatures vanquished.

Notes
Turn   | Place    | Note
-------+----------+-------------------------------------------
     0 | D:1      | Birdy the Vampire Gladiator began the quest for the Orb.
     0 | D:1      | Reached XP level 1. HP: 16/16 MP: 1/1
    97 | D:1      | Reached skill level 1 in Stealth
    97 | D:1      | Reached XP level 2. HP: 22/22 MP: 2/2
   564 | D:2      | Reached XP level 3. HP: 27/27 MP: 3/3
   575 | D:2      | HP: 1/27 [poisoned by an adder]
   577 | D:2      | Succumbed to an adder's poison

Levels and vault maps discovered:
D:1:      evilmike_arrival_hilbert_curve, layout_basic, hangedman_decor_push
D:2:      layout_basic, nicolae_ru_great_annihilating_truth, uniq_sigmund

Skill      XL: |  1  2  3 |
---------------+----------+-----
Stealth        | 1 2 |  2.0
Fighting       | 2 |  2.2
Axes           | 3 |  3.3
Throwing       | |  1.5
Dodging        | |  3.7

Action                   || total
-------------------------++-------
Melee: War axe           ||    69
       Bite              ||     6
 Stab: Sleeping          ||     3
Armor: Leather armour    ||    26
Dodge: Dodged            ||    66

Table legend:
 A = Non-vault XP
 B = Vault XP
 C = Vault XP percentage of total XP
 D = Non-vault monster count
 E = Vault monster count
 F = Vault count percentage of total count
                 A         B        C        D         E       F
            +---------+---------+-------+---------+---------+-------
      Total |      72 |       0 |   0.0 |      30 |       0 |   0.0
            +---------+---------+-------+---------+---------+-------
        D:1 |      39 |       0 |   0.0 |      25 |       0 |   0.0
        D:2 |      33 |       0 |   0.0 |       5 |       0 |   0.0
            +---------+---------+-------+---------+---------+-------
